 Dungeon Crawl Stone Soup version 0.30.1-4-g462c640d31 (webtiles) character file.

Game seed: 16792443244478272410

57 Babbit the Shield-Bearer (level 3, 0/33 HPs)
             Began as a Minotaur Fighter on Aug 20, 2023.
             Slain by Robin
             ... wielding a +2 spectral club
              (5 damage)
             ... on level 2 of the Dungeon.
             The game lasted 00:01:56 (603 turns).

Babbit the Shield-Bearer (Minotaur Fighter)          Turns: 603, Time: 00:01:56

Health: 0/33       AC:  7    Str: 22    XL:     3   Next: 73%
Magic:  2/2        EV:  9    Int:  5    God:
Gold:   73         SH:  4    Dex:  9    Spells: 2/2 levels left

rFire   . . .        a - +0 war axe
rCold   . . .        c - +0 buckler
rNeg    . . .        b - +0 scale mail
rPois   .            (helmet restricted)
rElec   .            (no cloak)
rCorr   .            (no gloves)
SInv    .            (no boots)
Will    .....        (no amulet) Stlth
                     (no ring)
HPRegen 0.25/turn    (no ring)
MPRegen 0.08/turn

%: no passive effects
@: no status effects
A: horns 2, retaliatory headbutt
a: no special abilities


You were on level 2 of the Dungeon.
You visited 1 branch of the dungeon, and saw 2 of its levels.

You collected 73 gold pieces.

Inventory:

Hand Weapons
 a - a +0 war axe (weapon)
Armour
 b - a +0 scale mail (worn)
 c - a +0 buckler (worn)
Scrolls
 f - 2 scrolls of enchant weapon {unknown}
 g - a scroll of teleportation {unknown}
 h - a scroll of summoning {unknown}
 i - 2 scrolls of identify {unknown}
Potions
 d - a potion of might
 e - a potion of invisibility {unknown}
 j - 3 potions of degeneration {unknown}


   Skills:
 + Level 4.1 Fighting
 + Level 3.1 Axes
 + Level 4.3 Armour
 + Level 4.3 Shields


You had 2 spell levels left.
You didn't know any spells.
Your spell library contained the following spells:

 Spells                   Type           Power      Damage    Failure   Level
 Foxfire                  Conj/Fire      0%         2x1d4     86%         1
 Portal Projectile        Hex/Tloc       0%         N/A       99%         3
 Tukima's Dance           Hex            0%         N/A       99%         3
 Blade Hands              Tmut           0%         N/A       100%        5
 Fireball                 Conj/Fire      0%         3d3       100%        5
 Plasma Beam              Fire/Air       0%         2x1d11    100%        6
 Starburst                Conj/Fire      0%         6d3       100%        6


Dungeon Overview and Level Annotations

Branches:
Dungeon (2/15)

Altars:
Xom

Annotations:
D:2 Robin


Innate Abilities, Weirdness & Mutations

You have a pair of horns on your head.
You reflexively headbutt those who attack you in melee.


Message History

The goblin shouts!
You hear a shout! x5
Robin, a frilled lizard and a goblin come into view.
Robin is wielding a +2 spectral club.
Found an escape hatch in the floor.
Robin shouts!
The frilled lizard hisses angrily.
The goblin shouts!
You hear a shout!
The goblin barely misses you. You furiously retaliate!
You headbutt the goblin.
You kill the goblin!
The goblin unwields a +0 dagger.
The goblin wields a +0 sling.
The goblin shoots a sling bullet.
The sling bullet hits you but does no damage.
A goblin comes into view. It is wielding a +0 dagger.
The goblin shouts!
A kobold comes into view. It is wielding a +0 dagger.
A goblin comes into view. It is wielding a +0 club.
Robin throws the goblin at you!
The goblin shoots a sling bullet.
The sling bullet hits you.
The goblin moves out of view.
The goblin shouts!
Things that are here:
a +0 club; a goblin corpse The goblin shoots a sling bullet.
The sling bullet hits you.
You closely miss the goblin. x2; The goblin hits you but does no damage.
You block the goblin's attack.
Robin roars a battlecry!
The goblins go into a battle-frenzy!
The goblin hits you with a +0 long sword!
You block the goblin's attack.
Robin roars a battlecry!
The goblin goes into a battle-frenzy!
You hear a shout!
You slash Robin!
Robin is heavily wounded.
You barely miss the goblin. You slash the goblin!
You kill the goblin!
The goblin hits you with a +0 club. Robin hits you but does no damage.
The +2 spectral club hits you. The goblin hits you with a +0 club.
* * * LOW HITPOINT WARNING * * *
The frilled lizard bites you but does no damage.
Robin hits you with a +2 spectral club.
You die...

##.....#.......
######..............
......#........>...... ..
#> #................. ..#
#g #............... #..#
#.## #...............
#..##K.# #...............
#...#g####.........†.....
#..Kgg@g..............#
#..).l(###......††.<<##
#.#.##.# ##..<..###### ..
#.##.# #.....#
..####.##.####.....#
#...................#
..#####.##.##########
#.##.# [..#.#


You could see a +2 spectral club, Robin, 3 goblins, a kobold and a frilled
lizard.

Vanquished Creatures
  A gnoll (D:1)
  A worm (D:2)
  A dart slug (D:1)
  An endoplasm (D:1)
  2 giant cockroaches (D:1)
  4 goblins
  4 hobgoblins (D:1)
  4 jackals (D:2)
  3 kobolds (D:1)
  3 quokkas (D:1)
  2 ball pythons
  3 bats (D:1)
  3 frilled lizards (D:1)
  9 rats
41 creatures vanquished.

Notes
Turn   | Place    | Note
-------+----------+-------------------------------------------
     0 | D:1      | Babbit the Minotaur Fighter began the quest for the Orb.
     0 | D:1      | Reached XP level 1. HP: 19/19 MP: 0/0
    10 | D:1      | Reached XP level 2. HP: 27/27 MP: 1/1
   171 | D:1      | Reached XP level 3. HP: 31/33 MP: 2/2
   543 | D:2      | Found a shimmering altar of Xom.
   597 | D:2      | Noticed Robin
   603 | D:2      | Slain by Robin

Illustrated notes

Levels and vault maps discovered:
D:1:      heliophobic_arrival_enchanted_forest, layout_rooms,
          serial_park_tiny_1, minmay_misc_feat_doors
D:2:      layout_rooms, basic_altar, chequers_serial_rivers_micro_a,
          uniq_jessica, uniq_robin

Skill      XL: |  1  2  3 |
---------------+----------+-----
Shields        | 4 |  4.3
Fighting       | 4 |  4.1
Armour         | 4 |  4.3
Axes           | 3 |  3.1

Action                     || total
---------------------------++-------
  Melee: War axe           ||    64
         Headbutt          ||     4
    Use: Scroll            ||     1
 Armour: Scale mail        ||    42
  Dodge: Dodged            ||    32
  Block: Buckler           ||    19
